 Dungeon Crawl Stone Soup version 0.17.1-1-g73c8601 (webtiles) character file.

77 DeXoteric the Insei (level 4, -2/35 HPs)
             Began as a Demonspawn Monk on Dec 22, 2015.
             Slain by Grinder (7 damage)
             ... while paralysed by Grinder
             ... on level 3 of the Dungeon.
             The game lasted 00:04:37 (1915 turns).

DeXoteric the Insei (Demonspawn Monk)               Turns: 1915, Time: 00:04:37

Health: -2/35      AC: 13    Str: 12    XL:     4   Next: 14%
Magic:  4/4        EV:  2    Int: 12    God:
Gold:   111        SH:  0    Dex: 15    Spells: 0 memorised, 3 levels left

rFire  . . .     SeeInvis .       - Unarmed
rCold  . . .     Clarity  .     k - +0 chain mail
rNeg   . . .     SustAt   .     (no shield)
rPois  .         Gourm    .     (no helmet)
rElec  .         Spirit   .     (no cloak)
rCorr  .         Warding  .     m - +0 pair of gloves
rMut   .         Stasis   .     (no boots)
MR     .....                    (no amulet)
Stlth  ..........               (no ring)
                                (no ring)

@: paralysed, not resistant to hostile enchantments, extremely unstealthy
A: talons 1, iridescent scales 1, demonic guardian 1
a: no special abilities


You were on level 3 of the Dungeon.
You were not hungry.

You visited 1 branch of the dungeon, and saw 3 of its levels.

You collected 111 gold pieces.

Inventory:

Armour
 a - a +0 robe
 k - a +0 chain mail (worn)
 m - a +0 pair of gloves (worn)
Scrolls
 d - a scroll of noise {unknown}
 e - a scroll of teleportation {unknown}
 f - a scroll of fog {unknown}
 h - a scroll of magic mapping {unknown}
 i - 2 scrolls of amnesia {unknown}
 l - a scroll of remove curse {unknown}
 q - a scroll of identify {unknown}
Potions
 c - 2 potions of haste {unknown}
 g - a potion of cancellation {unknown}
 n - a potion of lignification {unknown}
 o - a potion of might {unknown}
Comestibles
 b - 2 bread rations
 p - a meat ration


   Skills:
 - Level 3.0 Fighting
 - Level 2.6 Dodging
 - Level 1.7 Stealth
 + Level 5.2 Unarmed Combat


You had 3 spell levels left.
You didn't know any spells.

Dungeon Overview and Level Annotations

Branches:
Dungeon (3/15)

Altars:

Annotations:
D:3 Grinder


Innate Abilities, Weirdness & Mutations

You have sharp toenails.
You are partially covered in iridescent scales (AC +4).
A weak demonic guardian rushes to your aid.


Message History

The puff of frost hits Grinder.
Grinder completely resists.
You hit Grinder but do no damage. You claw Grinder, but do no damage.
You punch Grinder.
Grinder gestures.
Grinder blinks!
Your white imp disappears in a puff of smoke!
You see here 31 stones.
You hit Grinder but do no damage. Grinder hits you.
* * * LOW HITPOINT WARNING * * *
You writhe in agony.
* * * LOW HITPOINT WARNING * * *
Grinder gestures at you.
You suddenly lose the ability to move!
Your iron imp closely misses Grinder.
Grinder hits you but does no damage.
Your iron imp misses Grinder.
Grinder gestures at you. Pain shoots through your body!
* * * LOW HITPOINT WARNING * * *
Grinder hits you!
You die...

########## ....#.....##
...........## .#
............# . ..
............# .. ?.##
.$..........##... ..#
...............!. #.#
.......>55.........####.##
.........6.###...........#
.?........## ##....
#####$#..## #..... #.##.#
#.....#... . ...
...#####.# .. ....# #. #.#
.. ..#.# # #5# ... ... .#
#.# .#. .. #.#


You could see Grinder and a friendly iron imp.

Vanquished Creatures
  3 adders
  An ooze (D:1)
  A worm (D:3)
  4 giant cockroaches
  4 goblins
  4 hobgoblins
  9 kobolds
  A ball python (D:1)
  9 bats
  A giant gecko (D:1)
  A giant newt (D:1)
  3 rats
41 creatures vanquished.

Notes
Turn   | Place    | Note
--------------------------------------------------------------
     0 | D:1      | DeXoteric the Demonspawn Monk began the quest for the Orb.
     0 | D:1      | Reached XP level 1. HP: 18/18 MP: 1/1
   102 | D:1      | Reached skill level 4 in Unarmed Combat
   102 | D:1      | Gained mutation: You have sharp toenails. [demonic ancestry]
   102 | D:1      | Reached XP level 2. HP: 18/24 MP: 2/2
  1012 | D:2      | Gained mutation: You are partially covered in iridescent scales (AC +4). [demonic ancestry]
  1012 | D:2      | Reached XP level 3. HP: 25/29 MP: 3/3
  1298 | D:2      | Reached skill level 5 in Unarmed Combat
  1562 | D:3      | Noticed Grinder
  1583 | D:3      | Paralysed by Grinder for 4 turns
  1708 | D:3      | Gained mutation: A weak demonic guardian rushes to your aid. [demonic ancestry]
  1708 | D:3      | Reached XP level 4. HP: 20/35 MP: 4/4
  1801 | D:3      | Paralysed by Grinder for 6 turns
  1888 | D:3      | Paralysed by Grinder for 5 turns
  1899 | D:3      | Paralysed by Grinder for 2 turns
  1911 | D:3      | Paralysed by Grinder for 5 turns
  1915 | D:3      | Slain by Grinder

Action                   |  1- 3 |  4- 6 || total
-------------------------+-------+-------++-------
Melee: Unarmed           |   140 |    20 ||   160
 Stab: Sleeping          |     1 |       ||     1
  Eat: Chunk             |     2 |     1 ||     3
